AoeStats
← Reinhardlunsen

Nomad

509680411Analyzed
4v4 RM · 4d ago on Sep 27, 2026· 43m 49s· 8 players
Game mode
Random Map
Map size
231×231
Population
200
Speed
Normal
Resources
Standard
Victory
Conquest
Starting age
Dark Age
Ending age
Imperial Age
RankedLock teamsTeams togetherTeam positionsShared explorationLock speedFull tech treeHidden civsTurbo modeCheats
Victory
Defeat
🇺🇸 Mongols · United States
1569
+16
🇩🇪 Varangians · Germany
1557
+16
🇫🇮 Italians · Finland
1496
+19
🇩🇪 Danes · Germany
1482
+19
1652
-22
🇲🇽 Varangians · Mexico
1649
-21
🇪🇸 Wu · Spain
1509
-15
🇲🇽 Mongols · Mexico
1436
-12
YOGRANNYCANTSCRAP
14:30 Feudal Age
20:05 Castle Age
19:22 Forging
19:47 Double-Bit Axe
21:20 Medium Warships
22:06 Bow Saw
25:37 Fletching
26:58 Bodkin Arrow
27:04 Padded Archer Armor
28:01 Ballistics
28:06 Thumb Ring
29:14 Loom
33:49 Wheelbarrow
34:27 Bloodlines
34:17 Husbandry
35:47 Leather Archer Armor
40:23 Horse Collar
44:00 Imperial Age
43:16 Hand Cart
43:50 Town Watch
43:57 Gold Mining
44:00 Stone Mining
Reinhardlunsen
6:13 Loom
14:19 Feudal Age
18:19 Castle Age
16:49 Double-Bit Axe
17:20 Horse Collar
20:45 Bow Saw
25:01 Scale Barding Armor
35:47 Chain Barding Armor
Mizii
11:28 Loom
13:40 Feudal Age
14:34 Double-Bit Axe
15:39 Horse Collar
16:50 Fletching
22:15 Castle Age
22:59 Fishing Lines
23:36 Medium Warships
23:24 Bodkin Arrow
24:20 Wheelbarrow
24:09 Bow Saw
25:46 Gillnets
26:12 Gold Mining
26:16 Stone Mining
27:49 Ballistics
27:42 Padded Archer Armor
30:53 Imperial Age
32:09 Bracer
33:17 Hand Cart
36:00 Chemistry
35:44 Leather Archer Armor
40:53 Ring Archer Armor
41:32 Thumb Ring
SAMEDO
3:57 Loom
5:17 Loom
12:58 Feudal Age
21:36 Castle Age
22:09 Fletching
21:40 Crossbowman
34:39 Padded Archer Armor
35:04 Double-Bit Axe
35:06 Horse Collar
36:32 Double-Bit Axe
37:11 Fishing Lines
39:03 Heavy Plow
39:50 Scale Mail Armor
40:25 Forging
41:03 Chain Mail Armor
40:57 Bodkin Arrow
42:45 Iron Casting
43:00 Bow Saw
43:40 Hamask
Pelopincho
3:36 Loom
12:52 Feudal Age
12:53 Man-at-Arms
14:03 Double-Bit Axe
14:18 Town Watch
15:14 Arson
18:02 Forging
20:13 Castle Age
18:24 Scale Mail Armor
19:23 Wheelbarrow
18:39 Horse Collar
24:07 Bow Saw
24:39 Squires
24:55 Chain Mail Armor
25:15 Iron Casting
28:30 Gold Mining
29:41 Gold Shaft Mining
31:39 Long Swordsman
32:36 Pikeman
34:37 Husbandry
34:48 Bloodlines
35:26 Hand Cart
39:00 Imperial Age
38:30 Heavy Plow
38:24 Stone Mining
39:06 Two-Handed Swordsman
39:06 Halberdier
40:17 Plate Mail Armor
40:23 Iron Casting
40:53 Two-Man Saw
40:35 Champion
43:43 Conscription
MAXIMO MERIDIO
5:28 Loom
15:03 Feudal Age
20:19 Castle Age
19:47 Double-Bit Axe
22:22 Bow Saw
22:06 Fletching
22:40 Bodkin Arrow
26:01 Ballistics
27:55 Horse Collar
36:24 Wheelbarrow
39:03 Imperial Age
Kamáximo Décimo Meridio
3:38 Loom
14:35 Feudal Age
15:19 Town Watch
18:27 Castle Age
16:41 Double-Bit Axe
18:29 Wheelbarrow
19:45 Bow Saw
27:48 Horse Collar
37:25 Fortified Wall
41:30 Imperial Age
39:56 Hand Cart
40:10 Gold Mining
42:54 Siege Engineers
43:18 Conscription
44:48 Chemistry
kazumakine
6:01 Loom
11:37 Feudal Age
22:34 Castle Age
21:34 Bloodlines
21:32 Scale Barding Armor
21:32 Double-Bit Axe
24:39 Chain Barding Armor
24:35 Husbandry
28:19 Forging
36:32 Town Watch
41:15 Iron Casting
40:31 Fletching
Connection lost

Rejoining the realm…

Still unreachable

The connection could not be restored.

Session expired

The server has moved on; the page needs a fresh start.